Map: Прежний мир

Players

ИИ 1 (ученик)

  • Race: Terran Terran
  • Spawn Location: 7:00

ИИ 2 (ученик)

  • Race: Protoss Protoss
  • Spawn Location: 5:00

ИИ 3 (ученик)

  • Race: Zerg Zerg
  • Spawn Location: 9:00

ИИ 4 (эксперт)

  • Race: Zerg Zerg
  • Spawn Location: 3:00

VOD

Have the link to the VOD?

Description

Time

  • Played on: July 28, 2020, 6:20 p.m.
  • Length: 28:15
Show
View Real Time Build Order
Export as new Build Order

ИИ 1 (ученик) Terran 

Build Orders:  

Get SALT Encoding   

  12  0:01  SCV  
  13  0:13  SCV  
  14  0:20  Supply Depot  
  14  0:25  Refinery  
  14  0:28  SCV  
  15  0:45  SCV  
  15  0:47  Barracks  
  16  0:57  SCV  
  17  1:07  Barracks  
  17  1:10  SCV  
  18  1:22  SCV  
  19  1:35  Marine  
  19  1:38  Factory  
  20  1:41  SCV  
  21  1:50  Refinery  
  21  1:53  Marine  
  22  1:57  SCV  
  23  2:08  Supply Depot  
  23  2:19  Orbital Command  
  23  2:24  Factory Tech Lab  
  23  2:29  Marine  
  24  2:33  Marine  
  25  2:47  Armory  
  25  2:48  Marine  
  26  2:53  Marine  
  26  2:55  SCV  
  28  3:03  Supply Depot  
  28  3:11  Marine, Supply Depot  
  29  3:15  Barracks Reactor  
  29  3:19  SCV  
  30  3:30  Barracks Tech Lab  
  30  3:31  SCV  
  31  3:42  Thor  
  37  3:50  Supply Depot  
  37  3:55  Supply Depot  
  37  3:57  Marine  
  37  4:01  Marine  
  39  4:05  Combat Shield  
  39  4:14  Supply Depot  
  39  4:20  Marine, Supply Depot  
  40  4:24  Marine  
  41  4:40  Thor  
  41  4:45  Marine  
  48  4:57  Bunker  
  48  4:59  Marine  
  49  5:03  Marine  
  49  5:04  SCV  
  49  5:05  Engineering Bay  
  51  5:22  Marine  
  51  5:27  Marine  
  52  5:37  SCV  
  52  5:39  Marine  
  52  5:50  Engineering Bay  
  52  5:54  Stimpack  
  52  6:02  Marauder  
  51  6:11  Siege Tank  
  51  6:15  Reaper  
  51  6:16  SCV  
  53  6:23  Marauder  
  55  6:28  SCV  
  56  6:41  SCV  
  56  6:43  Siege Tank  
  56  6:45  Marauder  
  62  6:55  SCV  
  63  7:06  Marauder  
  63  7:07  SCV  
  66  7:10  Command Center  
  66  7:13  Supply Depot  
  65  7:19  SCV  
  66  7:27  Marauder  
  68  7:31  SCV  
  68  7:32  Barracks  
  68  7:34  Concussive Shells  
  69  7:44  SCV  
  70  7:46  Factory  
  70  7:49  Marauder  
  72  7:56  SCV  
  72  7:57  Supply Depot  
  73  8:08  SCV, Starport  
  73  8:10  Marauder  
  73  8:20  Barracks Tech Lab, SCV  
  73  8:23  SCV  
  69  8:32  Marauder  
  62  8:37  Refinery  
  62  8:39  Refinery, Marauder  
  64  8:46  Thor  
  70  8:53  Orbital Command, Marauder  
  72  9:02  Missile Turret  
  72  9:05  SCV  
  72  9:08  Missile Turret  
  73  9:10  Marine  
  74  9:17  SCV  
  74  9:18  SCV  
  76  9:29  SCV  
  76  9:30  Barracks  
  76  9:31  SCV  
  78  9:41  SCV, Starport  
  78  9:42  Factory Tech Lab  
  78  9:43  SCV  
  80  9:49  Starport Tech Lab  
  80  9:53  Terran Infantry Weapons Level 1, SCV  
  81  10:11  Command Center  
  81  10:13  SCV  
  82  10:15  SCV  
  82  10:18  Barracks Tech Lab  
  83  10:25  SCV  
  83  10:27  SCV  
  85  10:31  Marine  
  85  10:35  Marine  
  86  10:37  Marine, SCV  
  86  10:39  Marine  
  86  10:42  Marine  
  82  10:45  Viking  
  82  10:48  Marine  
  63  10:53  Marine  
  33  11:30  Marine x2  
  33  11:31  Marine x2  
  29  11:38  Marine  
  3  13:23  Command Center  
  3  14:49  SCV  
  4  15:04  SCV  
  5  15:17  SCV  
  6  15:43  Supply Depot  
  6  17:16  SCV  
  7  17:29  SCV  
  8  17:41  SCV  
  9  17:53  SCV  
  10  18:05  SCV, Command Center  
  11  19:47  SCV  
  12  19:55  SCV  
  12  19:59  SCV  
  14  20:02  Barracks  
  14  20:23  Command Center  
  14  20:49  Marine  
  14  21:16  SCV  
  15  21:22  SCV  
  16  21:28  SCV  
  17  21:33  Marine  
  18  21:51  Marine  
  19  22:12  Factory  
  19  22:13  Barracks Tech Lab  
  19  22:20  Command Center  
  18  22:32  Marauder  
  20  22:53  Marauder  
  20  22:58  Factory Tech Lab  
  22  23:15  Marauder  
  22  23:16  SCV  
  22  23:17  Siege Tank  
  28  23:46  Starport  
  28  23:49  Widow Mine  
  28  23:55  Marine  
  31  24:11  Hellion  
  33  24:17  SCV  
  34  24:25  Medivac  
  36  24:32  Siege Tank  
  39  24:39  Armory  
  39  24:48  SCV  
  39  24:50  SCV  
  41  24:54  SCV  
  41  24:58  SCV  
  43  25:00  SCV  
  43  25:04  Hellion  
  43  25:05  SCV  
  47  25:07  SCV  
  47  25:13  SCV x2  
  49  25:17  SCV  
  49  25:20  SCV  
  51  25:25  SCV  
  51  25:26  Thor  
  51  25:27  SCV  
  59  25:29  SCV  
  59  25:32  SCV  
  61  25:37  SCV  
  61  25:39  SCV  
  61  25:40  Supply Depot  
  61  25:41  SCV  
  64  25:46  Marauder  
  66  25:57  Refinery  
  66  26:04  Refinery  
  66  26:06  Refinery  
  66  26:07  Marauder  
  68  26:12  Supply Depot  
  68  26:17  Refinery  
  68  26:21  SCV  
  68  26:23  SCV  
  70  26:26  Viking  
  70  26:28  Marauder  
  74  26:34  SCV  
  74  26:36  Refinery  
  71  26:40  Refinery  
  66  26:50  Marauder  
  66  26:59  Supply Depot  
  54  27:21  Marauder  
  47  27:40  SCV, Command Center  
  42  28:00  Command Center  
Show
View Real Time Build Order
Export as new Build Order

ИИ 2 (ученик) Protoss 

Build Orders:  

Get SALT Encoding   

  12  0:01  Probe  
  13  0:13  Probe  
  14  0:20  Pylon  
  14  0:25  Probe  
  15  0:35  Probe  
  16  0:43  Probe  
  16  0:45  Assimilator  
  16  0:48  Gateway  
  17  0:58  Probe  
  17  1:00  Gateway  
  18  1:08  Probe  
  18  1:11  Pylon  
  19  1:34  Probe  
  19  1:38  Zealot  
  22  1:40  Cybernetics Core  
  22  1:41  Assimilator  
  22  1:46  Probe, Zealot  
  25  2:05  Zealot  
  25  2:07  Pylon  
  27  2:15  Stalker  
  27  2:17  Warp Gate  
  29  2:32  Stalker  
  31  2:37  Twilight Council  
  31  2:38  Probe  
  32  2:44  Adept  
  34  2:56  Pylon  
  34  3:00  Probe  
  34  3:02  Sentry  
  37  3:11  Zealot  
  37  3:12  Robotics Facility  
  39  3:20  Charge  
  39  3:28  Zealot  
  39  3:33  Probe  
  42  3:45  Pylon  
  42  3:47  Adept  
  44  3:50  Probe  
  45  4:04  Stalker  
  47  4:16  Immortal  
  51  4:20  Probe  
  52  4:28  Pylon  
  52  4:30  Sentry  
  54  4:33  Probe  
  54  4:46  Probe  
  55  5:00  Probe  
  56  5:07  Nexus  
  56  5:12  Probe  
  56  5:15  Gateway  
  57  5:22  Probe  
  58  5:29  Pylon  
  58  5:33  Probe  
  59  5:40  Observer  
  59  5:42  Robotics Facility  
  60  5:51  Forge  
  60  5:56  Probe  
  61  6:03  Stalker  
  59  6:08  Adept  
  59  6:10  Probe  
  54  6:19  Probe  
  54  6:24  Gateway  
  54  6:25  Protoss Ground Weapons Level 1  
  55  6:28  Probe  
  56  6:42  Probe  
  56  6:43  Forge  
  56  6:45  Zealot  
  59  6:49  Zealot  
  61  6:54  Stalker  
  61  6:56  Probe  
  64  7:05  Stalker, Protoss Ground Armor Level 1  
  66  7:09  Probe, Stalker  
  66  7:14  Blink  
  69  7:18  Stalker  
  69  7:22  Probe  
  72  7:25  Stalker  
  74  7:30  Stalker  
  76  7:44  Templar Archives  
  76  7:45  Probe  
  76  7:47  Pylon  
  76  7:49  Assimilator  
  77  7:56  Assimilator  
  77  8:11  Shield Battery  
  77  8:12  Probe  
  78  8:15  Probe, Adept  
  77  8:21  Zealot  
  77  8:24  Probe, Stalker  
  74  8:28  Stalker  
  72  8:35  Stalker  
  72  8:39  Stalker  
  76  8:47  Adept  
  78  8:49  Pylon  
  78  8:50  Nexus  
  78  8:52  Adept  
  80  8:57  High Templar  
  80  8:58  High Templar  
  84  9:05  Archon  
  84  9:08  High Templar  
  86  9:13  Adept  
  88  9:18  Pylon  
  88  9:30  Stalker, High Templar  
  92  9:37  Archon  
  92  9:42  High Templar  
  94  9:56  High Templar  
  94  9:57  Gateway  
  96  10:04  Archon  
  96  10:09  Assimilator  
  96  10:11  High Templar, Assimilator  
  98  10:25  High Templar  
  100  10:32  Archon  
  100  10:47  Stargate  
  100  10:50  Gateway  
  100  10:57  Sentry  
  102  11:04  Zealot  
  102  11:08  Zealot  
  106  11:12  Zealot, Warp Prism  
  106  11:13  High Templar  
  106  11:16  Pylon  
  112  11:18  High Templar  
  114  11:26  High Templar, Archon  
  114  11:28  High Templar  
  114  11:31  Void Ray  
  122  11:34  Archon  
  122  11:41  High Templar  
  124  11:49  Pylon  
  124  11:50  High Templar  
  124  11:57  Archon  
  124  12:07  Fleet Beacon  
  124  12:08  Void Ray  
  124  12:09  Archon  
  124  12:14  Nexus  
  128  12:20  Pylon  
  122  12:31  Zealot  
  122  12:42  Pylon  
  120  12:46  Phoenix  
  120  12:50  High Templar  
  112  12:51  Stalker  
  112  12:55  High Templar  
  112  12:57  Zealot  
  104  13:02  Stalker  
  104  13:03  High Templar, Archon  
  102  13:11  Void Ray  
  96  13:14  High Templar  
  90  13:22  High Templar, Archon  
  92  13:27  Probe  
  92  13:28  Probe x2  
  92  13:29  High Templar  
  96  13:41  Stalker, Archon  
  96  13:42  High Templar  
  96  13:47  Stalker  
  96  13:48  Probe, Stalker  
  104  13:51  Probe x2  
  102  13:57  High Templar  
  102  13:58  Zealot  
  102  14:00  Probe  
  98  14:02  Stalker  
  98  14:03  Probe  
  98  14:05  Zealot  
  97  14:11  Stalker  
  97  14:14  Stalker, Nexus  
  96  14:17  Probe  
  96  14:18  Assimilator  
  96  14:19  Stalker  
  96  14:22  Zealot  
  96  14:23  Assimilator  
  100  14:25  Stalker  
  100  14:26  Zealot, Archon  
  104  14:34  Stalker  
  104  14:36  Zealot  
  104  14:37  Zealot  
  110  14:42  Stalker  
  112  14:46  High Templar  
  112  14:48  Stalker  
  112  14:52  Immortal  
  116  14:56  Zealot  
  116  14:57  Stalker, High Templar  
  126  15:03  Archon  
  126  15:06  Immortal  
  130  15:21  Robotics Bay  
  128  15:33  Carrier  
  128  15:44  Probe  
  128  15:48  Probe  
  136  15:51  Probe  
  136  15:54  Mothership  
  137  15:59  Colossus  
  137  16:07  Protoss Ground Weapons Level 2  
  151  16:20  Gateway  
  151  16:38  Protoss Ground Armor Level 2  
  151  17:05  Zealot  
  151  17:06  Zealot x2  
  151  17:07  Zealot  
  145  17:11  Zealot  
  145  17:15  Zealot  
  141  17:20  Stalker  
  141  17:25  Stalker  
  141  17:28  High Templar  
  145  17:32  Stalker  
  145  17:36  High Templar  
  149  17:39  Stalker  
  151  17:44  Stalker  
  153  17:52  Pylon  
  153  17:54  Stalker, Archon  
  155  17:59  Stalker  
  155  18:03  Zealot  
  143  18:05  High Templar  
  143  18:08  Nexus  
  134  18:13  High Templar  
  134  18:14  Stargate  
  124  18:20  Robotics Facility  
  116  18:30  Zealot  
  116  18:33  Zealot  
  114  18:37  Zealot, Archon  
  114  18:38  High Templar  
  114  18:39  High Templar  
  114  18:40  Stalker x2  
  116  18:50  Archon  
  116  18:51  Stalker  
  116  18:54  High Templar  
  116  18:56  Stalker  
  116  18:58  High Templar  
  118  19:03  Stalker  
  120  19:11  Stalker x2  
  120  19:14  Stalker  
  120  19:15  Archon  
  126  19:19  High Templar  
  126  19:21  High Templar  
  130  19:26  Stalker  
  130  19:27  Stalker  
  130  19:29  Sentry  
  136  19:34  Sentry, Archon  
  136  19:37  High Templar  
  134  19:45  High Templar  
  136  19:47  Stalker  
  136  19:50  Sentry  
  140  19:55  Immortal  
  140  19:58  Archon  
  144  20:01  Gateway  
  144  20:04  High Templar, Protoss Shields Level 1  
  146  20:14  High Templar  
  148  20:22  Robotics Facility  
  148  20:28  Assimilator  
  148  20:39  Assimilator  
  148  20:45  Zealot x2  
  148  20:46  Zealot x2  
  156  20:50  Immortal x2  
  160  21:02  Probe  
  160  21:03  Probe  
  166  21:05  Probe  
  166  21:08  Probe  
  168  21:16  Stargate  
  168  21:17  Zealot  
  166  21:21  Zealot  
  164  21:37  Zealot  
  164  21:48  Zealot  
  164  21:56  Protoss Ground Armor Level 3  
  164  22:00  Gravitic Boosters  
  152  22:05  High Templar  
  152  22:07  High Templar  
  152  22:08  Sentry  
  148  22:14  Psionic Storm  
  148  22:21  High Templar, Archon  
  148  22:22  High Templar  
  150  22:24  Nexus  
  150  22:25  Protoss Ground Weapons Level 3  
  150  22:27  Protoss Air Weapons Level 1  
  150  22:34  Archon  
  150  22:35  High Templar  
  150  22:36  High Templar  
  150  22:41  High Templar, Archon  
  150  22:43  High Templar  
  154  22:48  Archon  
  154  22:57  Gravitic Drive  
  154  22:58  High Templar  
  156  23:08  High Templar  
  158  23:13  Archon  
  158  23:16  High Templar  
  160  23:22  Zealot  
  160  23:25  Zealot, High Templar  
  166  23:28  Zealot, Stalker  
  166  23:31  Zealot, Archon  
  172  23:36  Probe, Pylon  
  172  23:39  High Templar  
  175  23:45  Zealot  
  175  23:46  Assimilator  
  175  23:48  High Templar  
  179  23:51  Zealot  
  179  23:53  Assimilator, Archon  
  181  23:56  Zealot, High Templar  
  185  24:05  Zealot  
  185  24:06  High Templar  
  185  24:07  Zealot  
  191  24:10  Probe x2  
  191  24:11  Probe  
  191  24:12  Sentry  
  191  24:13  Protoss Shields Level 2, Archon  
  191  24:15  Probe x2  
  198  24:18  Sentry  
  200  24:28  Protoss Air Armor Level 1  
  200  25:08  Photon Cannon  
  200  25:13  Photon Cannon  
  200  25:15  Photon Cannon  
  196  25:35  Void Ray  
  200  25:59  Protoss Air Weapons Level 2  
  200  26:59  Nexus  
  200  27:22  Void Ray  
  200  27:53  Observer  
  200  28:04  Zealot  
Show
View Real Time Build Order
Export as new Build Order

ИИ 3 (ученик) Zerg 

Build Orders: Hatch First 

Get SALT Encoding   

  12  0:01  Drone  
  13  0:12  Overlord  
  13  0:17  Drone  
  14  0:31  Drone x2  
  16  0:53  Hatchery  
  16  0:54  Drone  
  16  1:10  Spawning Pool  
  15  1:11  Extractor  
  15  1:14  Drone  
  15  1:17  Drone  
  16  1:21  Extractor  
  16  1:22  Drone  
  16  1:31  Overlord  
  16  1:58  Queen  
  18  2:05  Lair  
  18  2:10  Overlord  
  18  2:39  Drone  
  19  2:48  Evolution Chamber  
  18  2:52  Drone  
  19  3:06  Extractor  
  19  3:08  Spire  
  19  3:11  Drone  
  18  3:13  Zerg Missile Weapons Level 1  
  18  3:17  Zergling x2  
  19  3:22  Zergling x2  
  20  3:27  Drone  
  20  3:33  Zergling x2  
  22  3:38  Zergling x2  
  23  3:43  Drone  
  24  3:49  Zergling x2  
  25  3:56  Drone  
  26  4:11  Roach Warren  
  24  4:21  Drone  
  25  4:26  Zergling x2  
  26  4:37  Drone  
  27  4:53  Roach, Drone  
  27  4:58  Roach  
  32  5:02  Mutalisk  
  34  5:08  Roach  
  34  5:09  Overlord  
  34  5:13  Zergling x2  
  36  5:17  Zergling x2  
  33  5:22  Zergling x2  
  33  5:27  Roach  
  25  5:47  Drone  
  16  5:55  Drone  
  16  5:57  Drone  
  13  6:08  Drone  
  14  6:18  Drone  
Show
View Real Time Build Order
Export as new Build Order

ИИ 4 (эксперт) Zerg 

Build Orders: Hatch First 

Get SALT Encoding   

  12  0:01  Drone  
  13  0:12  Overlord  
  13  0:17  Drone  
  14  0:30  Drone x2  
  14  0:34  Drone  
  17  0:56  Hatchery  
  17  0:57  Drone  
  17  1:13  Spawning Pool  
  17  1:15  Extractor  
  17  1:16  Drone  
  16  1:20  Drone  
  16  1:24  Extractor  
  16  1:27  Drone  
  16  1:30  Drone  
  18  1:38  Drone  
  19  1:49  Overlord  
  19  2:02  Queen  
  19  2:03  Zergling x2  
  19  2:08  Drone  
  23  2:25  Queen  
  25  2:30  Drone  
  25  2:35  Drone  
  27  2:39  Drone  
  27  2:43  Drone  
  29  2:56  Roach Warren  
  28  2:59  Drone  
  28  3:02  Drone  
  31  3:05  Zergling x2  
  31  3:09  Zergling x2  
  32  3:14  Overlord  
  32  3:18  Drone  
  33  3:21  Drone  
  34  3:36  Roach x2  
  34  3:37  Roach x2  
  42  3:45  Lair  
  42  3:49  Overlord  
  42  3:55  Overlord  
  42  3:59  Drone  
  42  4:01  Drone  
  44  4:08  Drone x2  
  44  4:09  Drone  
  47  4:12  Drone  
  47  4:16  Roach  
  50  4:23  Roach  
  52  4:25  Drone  
  53  4:32  Overlord, Drone  
  53  4:35  Overlord  
  53  4:38  Drone  
  55  4:40  Drone  
  55  4:45  Hydralisk Den, Drone  
  56  4:47  Roach  
  58  4:56  Roach  
  60  5:13  Hydralisk x2  
  60  5:14  Hydralisk  
  64  5:15  Hydralisk x2  
  64  5:16  Hydralisk  
  64  5:17  Hydralisk  
  64  5:19  Hydralisk  
  64  5:21  Lurker Den  
  75  5:23  Overlord  
  75  5:27  Drone  
  76  5:34  Overlord  
  76  5:42  Zergling x2, Drone x3  
  80  5:46  Zergling x4, Drone  
  80  5:49  Drone  
  84  5:53  Drone  
  85  5:58  Overlord, Drone  
  85  5:59  Drone  
  85  6:00  Infestation Pit  
  85  6:01  Drone  
  87  6:04  Drone  
  87  6:08  Metabolic Boost  
  88  6:12  Drone  
  88  6:16  Roach, Overlord  
  91  6:25  Evolution Chamber  
  91  6:28  Hatchery  
  89  6:39  Infestor  
  91  6:43  Evolution Chamber  
  91  6:44  Extractor, Drone  
  91  6:46  Drone  
  91  6:51  Evolution Chamber  
  91  6:52  Drone  
  91  6:53  Zerg Melee Weapons Level 1, Extractor  
  90  6:55  Drone  
  90  6:56  Infestor  
  93  7:08  Zerg Missile Weapons Level 1, Drone x2  
  94  7:09  Overlord, Drone  
  94  7:10  Overseer  
  96  7:16  Drone  
  96  7:17  Drone x2  
  99  7:25  Zerg Ground Armor Level 1  
  99  7:30  Spine Crawler  
  99  7:31  Drone  
  99  7:33  Spine Crawler  
  99  7:34  Drone  
  99  7:40  Drone  
  99  7:41  Drone  
  99  7:42  Drone  
  99  7:43  Drone x2  
  99  7:44  Drone  
  105  7:46  Spire  
  105  7:47  Drone  
  105  7:48  Overlord, Drone x2  
  105  7:50  Drone  
  105  7:51  Extractor  
  107  7:53  Drone  
  107  7:54  Drone x2  
  107  7:55  Drone  
  107  7:58  Drone  
  112  8:01  Drone  
  112  8:02  Ravager  
  114  8:06  Drone  
  114  8:08  Overlord  
  114  8:11  Ravager  
  117  8:12  Drone  
  117  8:14  Extractor  
  117  8:16  Roach  
  117  8:17  Drone  
  117  8:18  Roach, Drone  
  117  8:19  Drone  
  123  8:22  Drone x2  
  123  8:23  Glial Reconstitution, Drone x2  
  123  8:24  Spore Crawler  
  126  8:28  Overlord  
  126  8:29  Pneumatized Carapace, Spore Crawler  
  126  8:32  Drone  
  126  8:33  Drone  
  127  8:36  Queen  
  127  8:39  Drone  
  130  8:42  Drone  
  130  8:44  Roach  
  130  8:48  Overlord  
  133  8:50  Zerg Melee Weapons Level 2  
  133  8:51  Spine Crawler  
  132  8:58  Infestor  
  132  9:00  Mutalisk x2  
  138  9:03  Mutalisk  
  138  9:08  Overlord  
  140  9:10  Mutalisk  
  140  9:16  Mutalisk  
  144  9:22  Mutalisk  
  146  9:27  Overlord  
  146  9:28  Mutalisk  
  148  9:38  Zerg Missile Weapons Level 2  
  148  9:48  Spine Crawler  
  148  9:51  Zerg Ground Armor Level 2  
  147  9:55  Hatchery  
  147  9:56  Hatchery  
  147  9:57  Drone  
  146  10:01  Spine Crawler  
  145  10:07  Queen  
  145  10:08  Spore Crawler  
  146  10:14  Spine Crawler  
  146  10:16  Drone  
  146  10:18  Spine Crawler  
  146  10:20  Zergling x2  
  146  10:21  Zergling x2  
  146  10:23  Spine Crawler, Drone  
  146  10:26  Spore Crawler  
  146  10:29  Mutalisk  
  148  10:36  Zergling x2  
  148  10:37  Overlord, Zergling x4  
  148  10:39  Zergling x4  
  148  10:40  Zergling x2  
  148  10:41  Zergling x4  
  140  10:48  Roach  
  140  10:49  Roach  
  126  10:51  Roach  
  126  10:59  Roach  
  126  11:00  Infestor  
  126  11:01  Infestor  
  132  11:04  Spore Crawler  
  132  11:06  Mutalisk  
  132  11:08  Queen, Roach  
  132  11:10  Drone  
  132  11:11  Drone, Spore Crawler  
  139  11:12  Drone  
  139  11:13  Drone  
  139  11:14  Drone  
  139  11:15  Drone  
  139  11:16  Drone x2  
  139  11:17  Drone  
  145  11:18  Roach  
  145  11:19  Mutalisk, Spore Crawler  
  145  11:20  Mutalisk, Drone  
  145  11:22  Mutalisk  
  145  11:23  Roach  
  152  11:26  Mutalisk  
  152  11:27  Spine Crawler  
  152  11:28  Mutalisk  
  152  11:30  Extractor, Drone  
  152  11:31  Drone  
  152  11:32  Mutalisk  
  158  11:33  Extractor  
  158  11:34  Hatchery  
  158  11:37  Drone  
  158  11:39  Drone  
  156  11:41  Drone  
  156  11:42  Infestor  
  156  11:54  Zergling x2  
  156  11:56  Zergling x2  
  156  11:58  Roach  
  156  12:00  Roach  
  152  12:02  Roach  
  152  12:03  Roach, Zergling x2  
  152  12:04  Hydralisk x2  
  152  12:05  Hydralisk  
  152  12:06  Overseer  
  152  12:07  Roach x2, Hydralisk  
  152  12:08  Hydralisk, Infestor  
  151  12:09  Mutalisk  
  151  12:10  Queen, Mutalisk  
  151  12:11  Queen  
  151  12:12  Overseer  
  157  12:16  Drone  
  157  12:18  Mutalisk, Spore Crawler  
  157  12:19  Drone  
  157  12:21  Hydralisk  
  161  12:24  Zergling x2  
  161  12:25  Zergling x2  
  161  12:26  Hydralisk, Drone  
  161  12:29  Zergling x2  
  161  12:34  Roach  
  161  12:35  Infestor  
  155  12:37  Roach  
  155  12:39  Roach  
  155  12:40  Zergling x2  
  155  12:41  Drone  
  155  12:42  Drone  
  155  12:43  Roach  
  155  12:44  Roach x2  
  150  12:46  Zergling x2  
  150  12:47  Hydralisk, Drone  
  150  12:48  Zergling x2  
  150  12:49  Hydralisk  
  153  12:56  Zergling x2  
  145  12:59  Infestor  
  145  13:00  Zergling x2  
  145  13:04  Drone  
  140  13:08  Drone  
  140  13:10  Hive  
  132  13:20  Extractor  
  132  13:22  Extractor, Drone  
  132  13:23  Drone  
  132  13:29  Extractor  
  132  13:32  Drone  
  132  13:37  Infestor  
  134  13:44  Infestor  
  135  13:57  Spine Crawler, Zergling x4  
  135  13:58  Zergling x2, Drone  
  135  13:59  Hydralisk, Zergling x2  
  135  14:00  Hydralisk  
  129  14:04  Roach  
  129  14:05  Roach, Hydralisk  
  129  14:06  Hydralisk  
  129  14:08  Hydralisk, Zergling x4  
  119  14:10  Hydralisk  
  119  14:11  Overseer  
  119  14:14  Roach  
  119  14:15  Roach, Hydralisk  
  119  14:16  Hydralisk  
  113  14:20  Mutalisk  
  117  14:24  Mutalisk  
  117  14:25  Zerg Melee Weapons Level 3  
  117  14:27  Mutalisk  
  117  14:30  Ultralisk Cavern  
  117  14:31  Mutalisk  
  120  14:32  Drone  
  120  14:35  Mutalisk  
  125  14:38  Mutalisk  
  125  14:44  Infestor  
  129  14:52  Zerg Missile Weapons Level 3  
  129  14:56  Spine Crawler  
  129  14:57  Drone  
  129  15:01  Spine Crawler  
  129  15:02  Drone  
  129  15:05  Spine Crawler  
  128  15:07  Drone  
  128  15:08  Spine Crawler  
  128  15:10  Drone  
  128  15:11  Spine Crawler  
  128  15:13  Drone  
  129  15:15  Spine Crawler  
  129  15:16  Drone  
  129  15:18  Queen  
  129  15:19  Overlord, Ultralisk  
  129  15:20  Ultralisk x3  
  154  15:37  Roach, Overlord  
  154  15:38  Roach  
  158  15:56  Overlord, Ultralisk  
  164  15:57  Overseer x2  
  164  16:00  Ultralisk  
  170  16:14  Ultralisk  
  170  16:15  Overlord  
  176  16:25  Spore Crawler  
  175  16:26  Drone  
  175  16:30  Spore Crawler  
  175  16:31  Drone  
  176  16:33  Overlord  
  176  16:34  Spore Crawler  
  176  16:35  Drone  
  176  16:37  Spore Crawler  
  176  16:39  Drone  
  176  16:40  Spore Crawler  
  176  16:43  Drone  
  176  16:45  Spine Crawler  
  176  16:46  Drone  
  176  16:51  Drone, Spore Crawler  
  176  16:52  Zerg Ground Armor Level 3, Overlord  
  176  17:05  Roach, Zergling x2, Ultralisk  
  176  17:06  Mutalisk  
  176  17:07  Mutalisk  
  175  17:08  Mutalisk, Ultralisk  
  175  17:09  Mutalisk  
  175  17:10  Mutalisk  
  175  17:12  Zergling x2, Ultralisk  
  175  17:13  Roach x2  
  175  17:14  Overlord, Roach, Overseer  
  159  17:16  Roach  
  159  17:17  Hydralisk  
  159  17:19  Hydralisk  
  159  17:21  Hydralisk  
  145  17:23  Hydralisk  
  145  17:26  Roach  
  145  17:27  Roach  
  145  17:29  Roach  
  153  17:31  Roach  
  153  17:32  Mutalisk  
  153  17:35  Overlord  
  157  17:38  Corruptor  
  157  17:40  Corruptor  
  157  17:42  Overseer  
  157  17:44  Overseer  
  161  17:47  Corruptor  
  161  17:51  Corruptor  
  163  17:54  Overlord  
  163  17:57  Corruptor  
  167  17:59  Infestor  
  167  18:02  Drone  
  167  18:05  Drone x2  
  161  18:08  Hydralisk  
  161  18:09  Drone  
  161  18:10  Drone  
  161  18:12  Hydralisk  
  121  18:21  Zergling x2  
  121  18:22  Zergling x2  
  121  18:24  Hydralisk  
  121  18:27  Roach  
  103  18:29  Roach  
  103  18:31  Roach  
  103  18:32  Roach  
  101  18:34  Hydralisk  
  101  18:36  Overseer  
  101  18:39  Drone  
  100  18:42  Drone  
  100  18:43  Zergling x2  
  100  18:47  Hydralisk, Zergling x2  
  101  18:50  Hydralisk, Drone  
  101  18:53  Roach  
  101  18:54  Drone x2  
  99  18:56  Hydralisk  
  99  18:58  Roach  
  99  19:01  Roach  
  97  19:04  Roach  
  97  19:05  Hydralisk  
  97  19:08  Zergling x2  
  97  19:09  Zergling x2  
  97  19:11  Ultralisk  
  97  19:13  Hatchery, Overseer  
  97  19:16  Drone  
  103  19:18  Hydralisk  
  103  19:21  Ultralisk  
  103  19:23  Zergling x2  
  103  19:24  Zergling x2  
  109  19:25  Zergling x2  
  109  19:28  Roach  
  109  19:29  Hydralisk  
  104  19:31  Roach  
  104  19:33  Roach  
  104  19:35  Hydralisk  
  104  19:37  Drone  
  108  19:41  Hydralisk  
  108  19:42  Roach  
  108  19:48  Ultralisk  
  114  19:55  Ultralisk  
  114  19:58  Overlord  
  120  20:05  Ultralisk  
  120  20:07  Mutalisk  
  126  20:10  Roach  
  126  20:14  Corruptor  
  130  20:17  Overlord  
  130  20:21  Corruptor  
  134  20:32  Greater Spire  
  134  20:41  Extractor  
  133  20:46  Hatchery, Mutalisk  
  134  20:51  Mutalisk  
  134  20:53  Overlord  
  134  20:57  Mutalisk  
  136  21:02  Corruptor  
  139  21:13  Overlord, Ultralisk  
  139  21:16  Hydralisk, Zergling x2  
  134  21:19  Zergling x2  
  134  21:20  Hydralisk  
  134  21:21  Zergling x4  
  134  21:22  Zergling x4  
  134  21:23  Zergling x4  
  134  21:24  Hydralisk, Zergling x4  
  134  21:25  Hydralisk x2  
  126  21:27  Roach  
  126  21:28  Roach  
  126  21:29  Roach  
  126  21:31  Roach  
  115  21:33  Roach  
  114  21:40  Overseer  
  114  21:47  Hatchery  
  107  21:54  Brood Lord  
  97  21:55  Roach x2  
  97  21:58  Roach  
  97  21:59  Zergling x2  
  89  22:02  Roach  
  89  22:07  Zergling x2  
  88  22:10  Hatchery  
  88  22:12  Overseer  
  88  22:15  Hydralisk  
  67  22:36  Zergling x2  
  67  22:39  Hatchery, Zergling x2  
  67  22:43  Roach  
  61  22:49  Roach  
  63  22:55  Roach  
  63  22:59  Zergling x2  
  63  23:03  Zergling x2  
  65  23:09  Overseer  
  60  23:17  Roach  
  59  23:21  Zergling x2  
  59  23:39  Spawning Pool  
  55  23:55  Drone  
  55  23:57  Drone  
  55  23:59  Drone  
  58  24:04  Drone  
  58  24:05  Drone  
  58  24:07  Drone  
  58  24:09  Drone  
  58  24:10  Drone  
  39  24:29  Spawning Pool  
  25  24:45  Overlord  
Tags
 
Add a new tag
Caveats
  • Supply blocks, unpowered buildings, or Contaminate may cause inaccurate times.
  • Supply counts are checked every 10 seconds.